Carnivores vs Monarchs
(R1)
Created - 17 janvier 2014 at 20:47
Goals
|
| Carnivores |
0 |
5 |
1 |
0 |
6 |
| Monarchs |
3 |
2 |
1 |
1 |
7 |
|
Shots
|
| Carnivores |
5 |
19 |
10 |
2 |
36 |
| Monarchs |
15 |
11 |
13 |
2 |
41 |
|
1st period
1. Monarchs , Jason Chimera 19 (Jarret Stoll, Chris Clark) at 10:35 (PP)
2. Monarchs , Jarret Stoll 25 (Jason Chimera) at 13:33 (PP)
3. Monarchs , Carl Hagelin 9 (Jonathan Matsumoto) at 14:24
Penalties :
Phil Oreskovic (Bre) for Hooking (Minor) at 7:43, Jeremy Welsh (Bre) for Interference (Minor) at 10:25, Jeff Tambellini (Bre) for Holding (Minor) at 13:29, Slava Voynov (MAN) for Slashing (Minor) at 17:00
2nd period
4. Carnivores , Matt Cullen 17 (Andy Miele) at 1:02
5. Carnivores , Jeremy Welsh 6 (Tim Conboy, Blake Geoffrion) at 5:02
6. Carnivores , Matt Cullen 18 (Andy Miele) at 8:30
7. Monarchs , Patrik Berglund 24 (Barry Tallackson) at 14:33
8. Carnivores , Blake Geoffrion 17 (David Van Der Gulik, Manny Malhotra) at 15:21
9. Carnivores , Matt Cullen 19 (Jeff Tambellini, Andy Miele) at 17:32
10. Monarchs , Jonathan Matsumoto 5 (Alec Martinez) at 18:46
Penalties :
Josef Melichar (Bre) for Holding (Minor) at 12:07
3rd period
11. Monarchs , Carl Hagelin 10 (Jonathan Matsumoto, Matt Foy) at 15:38
12. Carnivores , Matt Cullen 20 (Josef Melichar, Jeff Tambellini) at 18:00 (PP)
Penalties :
Chris Clark (MAN) for Hooking (Minor) at 1:33, Jonathan Matsumoto (MAN) for Roughing (Minor) at 3:45, Tommy Wingels (MAN) for Hooking (Minor) at 9:00, Andy Miele (Bre) for Hooking (Minor) at 13:24, Tommy Wingels (MAN) for Tripping (Minor) at 17:33
Overtime #1
13. Monarchs , Denis Hamel 12 (Slava Voynov, Patrik Berglund) at 4:25
Penalties :
No Penalty
Goalie Stats
Mike Morrison (Bre), 34 saves from 41 shots - (0,829), OTL, 0-0-1, 64:25 minutes
Michael Leighton (MAN), 30 saves from 36 shots - (0,833), W, 7-6-4, 64:25 minutes
Players Stats for Carnivores
Player Name G A P +/- PIM S H SB GA TA FO MP PP MP PK MP
------------------------------------------------------------------------------------
Andrew Ference 0 0 0 1 0 0 2 5 0 0 0/0 29:35 5:48 3:44
Andy Miele 0 3 3 1 2 0 3 0 1 0 2/4 22:35 4:43 1:24
Anton Gustafsson 0 0 0 0 0 0 0 0 0 0 0/0 0:00 0:00 0:00
Blake Geoffrion 1 1 2 0 0 6 1 0 2 2 1/2 17:03 3:26 0:23
Bobby Sanguinetti 0 0 0 -2 0 1 0 1 0 0 0/0 9:47 0:00 0:00
Brian Strait 0 0 0 1 0 0 0 0 0 0 0/0 3:35 0:00 0:00
Cal O'Reilly 0 0 0 0 0 1 0 1 1 0 3/5 12:29 0:14 0:20
Chris Butler 0 0 0 -3 0 1 0 1 0 1 0/0 12:08 0:00 1:54
Chris Lawrence 0 0 0 0 0 1 0 0 1 0 0/0 7:06 0:14 0:00
Christopher DiDomenico 0 0 0 0 0 0 0 0 0 0 1/1 6:31 0:00 0:00
David Van Der Gulik 0 1 1 -1 0 3 5 0 2 1 0/0 19:32 3:26 1:58
Evgeny Grachev 0 0 0 0 0 0 0 0 0 0 0/0 0:00 0:00 0:00
Ian Schultz 0 0 0 0 0 0 0 0 0 0 0/0 0:00 0:00 0:00
Jeff Tambellini 0 2 2 1 2 4 7 0 0 0 4/10 25:10 4:43 3:46
Jeremy Welsh 1 0 1 0 2 2 0 0 0 1 1/2 10:26 0:00 0:00
Jordie Benn 0 0 0 1 0 0 0 0 0 0 0/0 3:46 0:00 0:11
Josef Melichar 0 1 1 1 2 2 1 1 2 1 0/0 28:13 5:48 2:23
Keith Aulie 0 0 0 0 0 0 5 2 0 1 0/0 21:28 2:35 2:27
Kyle Wilson 0 0 0 -1 0 1 1 0 1 0 2/4 7:57 0:00 0:41
Manny Malhotra 0 1 1 0 0 6 0 0 1 1 7/15 16:03 3:26 0:00
Matt Cullen 4 0 4 2 0 6 0 3 2 0 20/33 25:07 4:43 3:50
Phil Oreskovic 0 0 0 0 2 2 0 1 0 1 0/0 20:46 2:35 1:43
Tim Conboy 0 1 1 0 0 0 2 0 2 0 2/3 12:07 0:14 0:00
Zack Smith 0 0 0 0 0 0 0 0 0 0 0/0 0:00 0:00 0:00
Players Stats for Monarchs
Player Name G A P +/- PIM S H SB GA TA FO MP PP MP PK MP
------------------------------------------------------------------------------------
Alec Martinez 0 1 1 1 0 2 0 1 1 1 0/0 22:02 2:33 2:56
Barry Tallackson 0 1 1 -3 0 5 4 0 2 1 1/2 16:20 2:31 0:04
Carl Hagelin 2 0 2 3 0 4 1 0 0 1 0/2 14:37 0:00 1:42
Chris Clark 0 1 1 -1 2 1 1 0 2 1 3/6 18:58 3:40 0:00
Colby Robak 0 0 0 -1 0 0 0 0 0 0 0/0 2:28 0:00 0:00
Denis Hamel 1 0 1 -2 0 3 2 1 0 0 2/3 21:05 2:31 3:57
Jarret Stoll 1 1 2 -1 0 4 1 1 1 2 18/39 28:39 3:40 4:01
Jason Chimera 1 1 2 -1 0 6 2 0 1 2 0/3 28:20 3:36 3:55
Jonathan Matsumoto 1 2 3 3 2 4 2 1 0 0 7/13 13:48 0:04 0:00
Kevin Marshall 0 0 0 2 0 0 1 1 0 1 0/0 9:55 0:00 0:00
Matt Foy 0 1 1 3 0 1 2 0 0 1 0/0 11:44 0:00 0:00
Maxime Macenauer 0 0 0 0 0 0 0 0 0 0 0/0 0:45 0:00 0:36
Nate Prosser 0 0 0 -3 0 2 3 1 0 0 0/0 32:28 3:38 5:27
Patrik Berglund 1 1 2 -2 0 3 0 1 0 1 3/8 20:00 2:31 2:31
Raphael Diaz 0 0 0 -2 0 5 0 1 0 3 0/0 30:00 3:38 5:27
Slava Voynov 0 1 1 2 2 0 0 0 1 0 0/0 10:05 0:00 0:00
Tommy Wingels 0 0 0 0 4 0 0 0 1 0 2/3 5:56 0:00 0:00
Travis Hamonic 0 0 0 1 0 1 0 1 0 1 0/0 22:02 2:33 2:56
3 Stars
1 - Matt Cullen (Bre)
2 - Carl Hagelin (MAN)
3 - Jonathan Matsumoto (MAN)
Power Play
Carnivores - 1 on 5 Attempt(s) - 20,00%
Monarchs - 2 on 5 Attempt(s) - 40,00%
Penalty Kill
Carnivores - 3 on 5 Attempt(s) - 60,00%
- Score 0 goal in Penalty Kill
Monarchs - 4 on 5 Attempt(s) - 80,00%
- Score 0 goal in Penalty Kill
Official
Referees : StPierre Justin and LaRue Dennis
Linesman : Lonnie Cameron and Steve Barton
Game Notes
6:24 of 2nd period - Carnivores goal is going for a video replay. After video review, No Goal. The puck has entered the net after making contact with an attacking player’s stick that is above the height of the crossbar.
Matt Cullen has scored a Hat Trick!
Finance
Level 1 -- Attendance: 1479 (73,95%) -- Ticket Income 51 765 $
Level 2 -- Attendance: 770 (77,00%) -- Ticket Income 11 550 $
Total Attendance: 2249 (74,97%)
Total Ticket Income: 63 315 $
Other Income: 3 166 $
Total Income: 66 481 $
Carnivores
5 vs 5 Forward
Center Left Wing Right Wing Time % Phy DF OF
1 Matt Cullen Jeff Tambellini Andy Miele 40 1 2 2
2 Manny Malhotra Blake Geoffrion David Van Der Gulik 30 1 2 2
3 Cal O'Reilly Jeremy Welsh Tim Conboy 20 1 2 2
4 Kyle Wilson Christopher DiDomenico Chris Lawrence 10 1 2 2
5 vs 5 Defense
Defense Defense Time % Phy DF OF
1 Andrew Ference Josef Melichar 40 1 2 2
2 Keith Aulie Phil Oreskovic 30 1 2 2
3 Bobby Sanguinetti Chris Butler 20 1 2 2
4 Jordie Benn Brian Strait 10 1 2 2
PowerPlay Forward
Center Left Wing Right Wing Time % Phy DF OF
1 Matt Cullen Jeff Tambellini Andy Miele 60 1 2 2
2 Manny Malhotra Blake Geoffrion David Van Der Gulik 40 1 2 2
PowerPlay Defense
Defense Defense Time % Phy DF OF
1 Andrew Ference Josef Melichar 60 1 2 2
2 Keith Aulie Phil Oreskovic 40 1 2 2
Penalty Kill 4 Players Forward
Center Wing Time % Phy DF OF
1 Jeff Tambellini Matt Cullen 60 1 2 2
2 Andy Miele David Van Der Gulik 40 1 2 2
Penalty Kill 4 Players Defense
Defense Defense Time % Phy DF OF
1 Andrew Ference Josef Melichar 60 1 2 2
2 Keith Aulie Phil Oreskovic 40 1 2 2
Penalty Kill - 3 Players Forward
Forward Time % Phy DF OF
1 Jeff Tambellini 60 1 2 2
2 Matt Cullen 40 1 2 2
Penalty Kill - 3 Players Defense
Defense Defense Time % Phy DF OF
1 Andrew Ference Josef Melichar 60 1 2 2
2 Keith Aulie Phil Oreskovic 40 1 2 2
4 vs 4 Forward
Center Wing Time % Phy DF OF
1 Jeff Tambellini Matt Cullen 60 1 2 2
2 Andy Miele David Van Der Gulik 40 1 2 2
4 vs 4 Defense
Defense Defense Time % Phy DF OF
1 Andrew Ference Josef Melichar 60 1 2 2
2 Keith Aulie Phil Oreskovic 40 1 2 2
Last Minutes Offensive
Center Left Wing Right Wing Defense Defense
Matt Cullen Jeff Tambellini Andy Miele Andrew Ference Josef Melichar
Last Minutes Defensive
Center Left Wing Right Wing Defense Defense
Matt Cullen Jeff Tambellini Andy Miele Andrew Ference Josef Melichar
Goaltenders
Starting : Mike Morrison
Backup : Steve Mason
Extra Forwards
Normal : Tim Conboy, Cal O'Reilly, Kyle Wilson - PP : Tim Conboy, Cal O'Reilly - PK : Kyle Wilson
Extra Defensemen
Normal : Bobby Sanguinetti, Chris Butler, Jordie Benn - PP : Bobby Sanguinetti - PK : Chris Butler, Jordie Benn
Penalty Shots
Jeff Tambellini, Matt Cullen, Andy Miele, David Van Der Gulik, Tim Conboy
Monarchs
5 vs 5 Forward
Center Left Wing Right Wing Time % Phy DF OF
1 Jarret Stoll Jason Chimera Chris Clark 40 1 2 2
2 Patrik Berglund Denis Hamel Barry Tallackson 30 1 2 2
3 Jonathan Matsumoto Carl Hagelin Matt Foy 20 1 2 2
4 Tommy Wingels Jarret Stoll Jason Chimera 10 1 2 2
5 vs 5 Defense
Defense Defense Time % Phy DF OF
1 Nate Prosser Raphael Diaz 40 1 2 2
2 Alec Martinez Travis Hamonic 30 1 2 2
3 Kevin Marshall Slava Voynov 20 1 2 2
4 Colby Robak Nate Prosser 10 1 2 2
PowerPlay Forward
Center Left Wing Right Wing Time % Phy DF OF
1 Jarret Stoll Jason Chimera Chris Clark 60 1 2 2
2 Patrik Berglund Denis Hamel Barry Tallackson 40 1 2 2
PowerPlay Defense
Defense Defense Time % Phy DF OF
1 Nate Prosser Raphael Diaz 60 1 2 2
2 Alec Martinez Travis Hamonic 40 1 2 2
Penalty Kill 4 Players Forward
Center Wing Time % Phy DF OF
1 Jarret Stoll Jason Chimera 60 1 2 2
2 Denis Hamel Patrik Berglund 40 1 2 2
Penalty Kill 4 Players Defense
Defense Defense Time % Phy DF OF
1 Nate Prosser Raphael Diaz 60 1 2 2
2 Alec Martinez Travis Hamonic 40 1 2 2
Penalty Kill - 3 Players Forward
Forward Time % Phy DF OF
1 Jarret Stoll 60 1 2 2
2 Jason Chimera 40 1 2 2
Penalty Kill - 3 Players Defense
Defense Defense Time % Phy DF OF
1 Nate Prosser Raphael Diaz 60 1 2 2
2 Alec Martinez Travis Hamonic 40 1 2 2
4 vs 4 Forward
Center Wing Time % Phy DF OF
1 Jarret Stoll Jason Chimera 60 1 2 2
2 Denis Hamel Patrik Berglund 40 1 2 2
4 vs 4 Defense
Defense Defense Time % Phy DF OF
1 Nate Prosser Raphael Diaz 60 1 2 2
2 Alec Martinez Travis Hamonic 40 1 2 2
Last Minutes Offensive
Center Left Wing Right Wing Defense Defense
Jarret Stoll Jason Chimera Chris Clark Nate Prosser Raphael Diaz
Last Minutes Defensive
Center Left Wing Right Wing Defense Defense
Jarret Stoll Jason Chimera Chris Clark Nate Prosser Raphael Diaz
Goaltenders
Starting : Michael Leighton
Backup : Braden Holtby
Extra Forwards
Normal : Jonathan Matsumoto, Tommy Wingels, Carl Hagelin - PP : Jonathan Matsumoto, Tommy Wingels - PK : Carl Hagelin
Extra Defensemen
Normal : Kevin Marshall, Slava Voynov, Colby Robak - PP : Kevin Marshall - PK : Slava Voynov, Colby Robak
Penalty Shots
Jarret Stoll, Jason Chimera, Denis Hamel, Patrik Berglund, Chris Clark
% Time on Ice - Carnivores
Lines # - Real PCT - Wanted PCT - Time Play
Normal Forward
1 - 33% - 40% - 15:06
2 - 29% - 30% - 13:22
3 - 23% - 20% - 10:27
4 - 14% - 10% - 6:31
Normal Defense
1 - 39% - 40% - 17:56
2 - 32% - 30% - 14:33
3 - 21% - 20% - 9:22
4 - 8% - 10% - 3:35
PP Forward
1 - 59% - 60% - 4:55
2 - 41% - 40% - 3:28
PP Defense
1 - 69% - 60% - 5:48
2 - 31% - 40% - 2:35
PK Forward
1 - 68% - 60% - 4:13
2 - 32% - 40% - 1:58
PK Defense
1 - 60% - 60% - 3:44
2 - 40% - 40% - 2:27
PK3 Forward
1 - 0% - 60%
2 - 0% - 40%
PK3 Defense
1 - 0% - 60%
2 - 0% - 40%
44 Forward
1 - 78% - 60% - 3:26
2 - 22% - 40% - 0:59
44 Defense
1 - 57% - 60% - 2:32
2 - 43% - 40% - 1:53
Last Minute Offensive - 0:00
Last Minute Defensive - 0:00
Total
Forward - 64:25
Defense - 64:25
|
% Time on Ice - Monarchs
Lines # - Real PCT - Wanted PCT - Time Play
Normal Forward
1 - 35% - 40% - 15:54
2 - 30% - 30% - 13:43
3 - 26% - 20% - 11:44
4 - 9% - 10% - 4:05
Normal Defense
1 - 42% - 40% - 19:01
2 - 33% - 30% - 15:00
3 - 20% - 20% - 8:57
4 - 5% - 10% - 2:28
PP Forward
1 - 59% - 60% - 3:40
2 - 41% - 40% - 2:31
PP Defense
1 - 59% - 60% - 3:38
2 - 41% - 40% - 2:33
PK Forward
1 - 70% - 60% - 5:52
2 - 30% - 40% - 2:31
PK Defense
1 - 65% - 60% - 5:27
2 - 35% - 40% - 2:56
PK3 Forward
1 - 0% - 60%
2 - 0% - 40%
PK3 Defense
1 - 0% - 60%
2 - 0% - 40%
44 Forward
1 - 72% - 60% - 3:10
2 - 28% - 40% - 1:15
44 Defense
1 - 43% - 60% - 1:54
2 - 57% - 40% - 2:31
Last Minute Offensive - 0:00
Last Minute Defensive - 0:00
Total
Forward - 64:25
Defense - 64:25
|
Play by Play
1st period
0:01 of 1st period - Jarret Stoll wins face-off versus Matt Cullen in neutral zone.
0:06 of 1st period - Wrist shot by Jarret Stoll.
0:06 of 1st period - Shot Misses the Net.
0:16 of 1st period - Wrist shot by Jarret Stoll.
0:16 of 1st period - Stopped by Mike Morrison without a rebound.
0:17 of 1st period - Manny Malhotra wins face-off versus Barry Tallackson in Carnivores zone.
0:22 of 1st period - Slapshot by Patrik Berglund.
0:22 of 1st period - Shot Misses the Net.
0:24 of 1st period - Snap shot by Denis Hamel.
0:24 of 1st period - Stopped by Mike Morrison with a rebound.
0:26 of 1st period - Slapshot by Alec Martinez.
0:26 of 1st period - Deflect By David Van Der Gulik.
0:26 of 1st period - Stopped by Mike Morrison with a rebound.
0:28 of 1st period - Slapshot by Travis Hamonic.
0:28 of 1st period - Shot Misses the Net.
1:39 of 1st period - Snap shot by Jeff Tambellini.
1:39 of 1st period - Shot Misses the Net.
2:00 of 1st period - Backhand shot by Jarret Stoll.
2:00 of 1st period - Deflect By Jason Chimera.
2:00 of 1st period - Stopped by Mike Morrison with a rebound.
2:54 of 1st period - Slapshot by Matt Cullen.
2:54 of 1st period - Shot Misses the Net.
3:53 of 1st period - Josef Melichar is hit by Barry Tallackson and loses puck.
4:57 of 1st period - Icing by Josef Melichar.
4:58 of 1st period - Patrik Berglund wins face-off versus Manny Malhotra in Carnivores zone.
5:07 of 1st period - Slapshot by Denis Hamel.
5:07 of 1st period - Deflect By Patrik Berglund.
5:07 of 1st period - Shot Blocked by Andrew Ference.
5:07 of 1st period - Puck is out of play.
5:08 of 1st period - Matt Cullen wins face-off versus Jonathan Matsumoto in Carnivores zone.
5:08 of 1st period - Matt Cullen is hit by Kevin Marshall.
5:47 of 1st period - Wrist shot by Chris Clark.
5:47 of 1st period - Shot Blocked by Keith Aulie.
6:01 of 1st period - Wrist shot by Cal O'Reilly.
6:01 of 1st period - Stopped by Michael Leighton without a rebound.
6:02 of 1st period - Cal O'Reilly wins face-off versus Patrik Berglund in Monarchs zone.
6:09 of 1st period - Slapshot by Cal O'Reilly.
6:09 of 1st period - Shot Misses the Net.
6:46 of 1st period - Snap shot by Patrik Berglund.
6:46 of 1st period - Shot Misses the Net.
6:50 of 1st period - Wrist shot by Barry Tallackson.
6:50 of 1st period - Stopped by Mike Morrison with a rebound.
6:52 of 1st period - Wrist shot by Barry Tallackson.
6:52 of 1st period - Stopped by Mike Morrison without a rebound.
6:53 of 1st period - Matt Cullen wins face-off versus Jarret Stoll in Carnivores zone.
6:58 of 1st period - Jason Chimera is hit by Andy Miele and loses puck.
7:18 of 1st period - Matt Foy is hit by David Van Der Gulik and loses puck.
7:43 of 1st period - Minor Penalty to Phil Oreskovic for Hooking.
7:44 of 1st period - Jeff Tambellini wins face-off versus Chris Clark in Carnivores zone.
8:11 of 1st period - Josef Melichar is hit by Barry Tallackson and loses puck.
8:29 of 1st period - Icing by Chris Clark.
8:30 of 1st period - Jarret Stoll wins face-off versus Andy Miele in Monarchs zone.
8:37 of 1st period - David Van Der Gulik is hit by Jason Chimera and loses puck.
9:20 of 1st period - Icing by Travis Hamonic.
9:21 of 1st period - Barry Tallackson wins face-off versus Jeff Tambellini in Monarchs zone.
9:25 of 1st period - Off-side.
9:26 of 1st period - Andy Miele wins face-off versus Jarret Stoll in neutral zone.
9:31 of 1st period - Snap shot by David Van Der Gulik.
9:31 of 1st period - Stopped by Michael Leighton with a rebound.
9:43 of 1st period - Penalty to Phil Oreskovic is over, Phil Oreskovic is back on ice.
10:25 of 1st period - Minor Penalty to Jeremy Welsh for Interference.
10:26 of 1st period - Jarret Stoll wins face-off versus Jeff Tambellini in Carnivores zone.
10:27 of 1st period - Snap shot by Jason Chimera.
10:27 of 1st period - Stopped by Mike Morrison with a rebound.
10:29 of 1st period - Slapshot by Raphael Diaz.
10:29 of 1st period - Shot Misses the Net.
10:31 of 1st period - Wrist shot by Chris Clark.
10:31 of 1st period - Shot Misses the Net.
10:33 of 1st period - Backhand shot by Jarret Stoll.
10:33 of 1st period - Shot Misses the Net.
10:35 of 1st period - Snap shot by Jason Chimera.
10:35 of 1st period - Goal by Jason Chimera - Carnivores : 0 - Monarchs : 1.
10:36 of 1st period - Matt Cullen wins face-off versus Jarret Stoll in neutral zone.
10:51 of 1st period - Slapshot by Jeff Tambellini.
10:51 of 1st period - Stopped by Michael Leighton with a rebound.
11:26 of 1st period - Wrist shot by Jonathan Matsumoto.
11:26 of 1st period - Stopped by Mike Morrison with a rebound.
11:28 of 1st period - Wrist shot by Jonathan Matsumoto.
11:28 of 1st period - Shot Misses the Net.
13:29 of 1st period - Minor Penalty to Jeff Tambellini for Holding.
13:30 of 1st period - Jarret Stoll wins face-off versus Kyle Wilson in Carnivores zone.
13:31 of 1st period - Slapshot by Jason Chimera.
13:31 of 1st period - Stopped by Mike Morrison with a rebound.
13:33 of 1st period - Snap shot by Jason Chimera.
13:33 of 1st period - Deflect By Jarret Stoll.
13:33 of 1st period - Goal by Jarret Stoll - Carnivores : 0 - Monarchs : 2.
13:34 of 1st period - Jarret Stoll wins face-off versus Matt Cullen in neutral zone.
13:41 of 1st period - Wrist shot by Chris Clark.
13:41 of 1st period - Shot Blocked by Matt Cullen.
13:49 of 1st period - Slapshot by Jeff Tambellini.
13:49 of 1st period - Stopped by Michael Leighton with a rebound.
14:20 of 1st period - Slapshot by Raphael Diaz.
14:20 of 1st period - Stopped by Mike Morrison with a rebound.
14:22 of 1st period - Wrist shot by Matt Foy.
14:22 of 1st period - Stopped by Mike Morrison without a rebound.
14:23 of 1st period - Jonathan Matsumoto wins face-off versus Matt Cullen in Carnivores zone.
14:24 of 1st period - Wrist shot by Carl Hagelin.
14:24 of 1st period - Goal by Carl Hagelin - Carnivores : 0 - Monarchs : 3.
14:25 of 1st period - Jarret Stoll wins face-off versus Matt Cullen in neutral zone.
14:35 of 1st period - Slapshot by Chris Clark.
14:35 of 1st period - Deflect By Jarret Stoll.
14:35 of 1st period - Shot Blocked by Matt Cullen.
14:35 of 1st period - Puck is out of play.
14:36 of 1st period - Chris Clark wins face-off versus Matt Cullen in Carnivores zone.
14:46 of 1st period - Icing by Alec Martinez.
14:47 of 1st period - Matt Cullen wins face-off versus Chris Clark in Monarchs zone.
16:03 of 1st period - Snap shot by Jarret Stoll.
16:03 of 1st period - Stopped by Mike Morrison without a rebound.
16:04 of 1st period - Patrik Berglund wins face-off versus Manny Malhotra in Carnivores zone.
16:05 of 1st period - Wrist shot by Barry Tallackson.
16:05 of 1st period - Shot Misses the Net.
16:13 of 1st period - Wrist shot by Blake Geoffrion.
16:13 of 1st period - Shot Blocked by Nate Prosser.
16:15 of 1st period - Slapshot by Phil Oreskovic.
16:15 of 1st period - Stopped by Michael Leighton with a rebound.
16:17 of 1st period - Slapshot by Phil Oreskovic.
16:17 of 1st period - Shot Blocked by Denis Hamel.
16:29 of 1st period - Phil Oreskovic is hit by Matt Foy and loses puck.
16:58 of 1st period - Snap shot by Chris Lawrence.
16:58 of 1st period - Shot Misses the Net.
17:00 of 1st period - Minor Penalty to Slava Voynov for Slashing.
17:01 of 1st period - Jarret Stoll wins face-off versus Manny Malhotra in Monarchs zone.
17:10 of 1st period - Snap shot by Manny Malhotra.
17:10 of 1st period - Shot Blocked by Jarret Stoll.
19:00 of 1st period - Penalty to Slava Voynov is over, Slava Voynov is back on ice.
19:16 of 1st period - Snap shot by Jonathan Matsumoto.
19:16 of 1st period - Shot Blocked by Bobby Sanguinetti.
Goals for this period are 0 for Carnivores vs 3 for Monarchs .
Shots for this period are 5 for Carnivores vs 15 for Monarchs .
2nd period
0:01 of 2nd period - Matt Cullen wins face-off versus Jarret Stoll in neutral zone.
0:31 of 2nd period - Wrist shot by David Van Der Gulik.
0:31 of 2nd period - Stopped by Michael Leighton without a rebound.
0:32 of 2nd period - Manny Malhotra wins face-off versus Jarret Stoll in Monarchs zone.
0:39 of 2nd period - Snap shot by David Van Der Gulik.
0:39 of 2nd period - Shot Misses the Net.
1:02 of 2nd period - Snap shot by Matt Cullen.
1:02 of 2nd period - Goal by Matt Cullen - Carnivores : 1 - Monarchs : 3.
1:03 of 2nd period - Matt Cullen wins face-off versus Jarret Stoll in neutral zone.
1:10 of 2nd period - Snap shot by Matt Cullen.
1:10 of 2nd period - Shot Misses the Net.
1:48 of 2nd period - Slapshot by Jonathan Matsumoto.
1:48 of 2nd period - Stopped by Mike Morrison with a rebound.
1:54 of 2nd period - Andrew Ference is hit by Matt Foy and loses puck.
2:40 of 2nd period - Wrist shot by Blake Geoffrion.
2:40 of 2nd period - Stopped by Michael Leighton with a rebound.
2:42 of 2nd period - Snap shot by David Van Der Gulik.
2:42 of 2nd period - Shot Blocked by Raphael Diaz.
2:44 of 2nd period - Wrist shot by Manny Malhotra.
2:44 of 2nd period - Stopped by Michael Leighton without a rebound.
2:45 of 2nd period - Jarret Stoll wins face-off versus Manny Malhotra in Monarchs zone.
2:54 of 2nd period - Snap shot by Blake Geoffrion.
2:54 of 2nd period - Stopped by Michael Leighton with a rebound.
3:16 of 2nd period - Barry Tallackson is hit by Jeff Tambellini.
4:12 of 2nd period - Slapshot by Jonathan Matsumoto.
4:12 of 2nd period - Shot Misses the Net.
4:58 of 2nd period - Snap shot by Tim Conboy.
4:58 of 2nd period - Shot Blocked by Travis Hamonic.
5:00 of 2nd period - Wrist shot by Jeremy Welsh.
5:00 of 2nd period - Stopped by Michael Leighton with a rebound.
5:02 of 2nd period - Snap shot by Jeremy Welsh.
5:02 of 2nd period - Goal by Jeremy Welsh - Carnivores : 2 - Monarchs : 3.
5:03 of 2nd period - Jarret Stoll wins face-off versus Matt Cullen in neutral zone.
5:06 of 2nd period - Slapshot by Raphael Diaz.
5:06 of 2nd period - Deflect By Jason Chimera.
5:06 of 2nd period - Shot Misses the Net.
5:06 of 2nd period - Puck is out of play.
5:07 of 2nd period - Jarret Stoll wins face-off versus Matt Cullen in Carnivores zone.
5:08 of 2nd period - Snap shot by Jason Chimera.
5:08 of 2nd period - Shot Blocked by Keith Aulie.
5:10 of 2nd period - Snap shot by Jarret Stoll.
5:10 of 2nd period - Shot Misses the Net.
5:12 of 2nd period - Snap shot by Jarret Stoll.
5:12 of 2nd period - Shot Misses the Net.
5:14 of 2nd period - Snap shot by Jason Chimera.
5:14 of 2nd period - Deflect By Chris Clark.
5:14 of 2nd period - Shot Blocked by Matt Cullen.
5:14 of 2nd period - Puck is out of play.
5:15 of 2nd period - Jarret Stoll wins face-off versus Matt Cullen in Carnivores zone.
5:18 of 2nd period - Wrist shot by Jason Chimera.
5:18 of 2nd period - Shot Blocked by Phil Oreskovic.
6:12 of 2nd period - Snap shot by Carl Hagelin.
6:12 of 2nd period - Stopped by Mike Morrison without a rebound.
6:13 of 2nd period - Matt Cullen wins face-off versus Chris Clark in Carnivores zone.
6:20 of 2nd period - Wrist shot by Andy Miele.
6:20 of 2nd period - Shot Misses the Net.
6:22 of 2nd period - Wrist shot by Andy Miele.
6:22 of 2nd period - Shot Misses the Net.
6:24 of 2nd period - Snap shot by Jeff Tambellini.
6:24 of 2nd period - Carnivores goal is going for a video replay.
6:24 of 2nd period - The goal is refused. The puck has entered the net after making contact with an attacking player’s stick that is above the height of the crossbar..
6:25 of 2nd period - Matt Cullen wins face-off versus Jason Chimera in Monarchs zone.
6:36 of 2nd period - Snap shot by Jason Chimera.
6:36 of 2nd period - Shot Misses the Net.
6:38 of 2nd period - Slapshot by Raphael Diaz.
6:38 of 2nd period - Stopped by Mike Morrison with a rebound.
6:40 of 2nd period - Slapshot by Nate Prosser.
6:40 of 2nd period - Stopped by Mike Morrison without a rebound.
6:41 of 2nd period - Manny Malhotra wins face-off versus Patrik Berglund in Carnivores zone.
6:41 of 2nd period - Manny Malhotra is hit by Barry Tallackson.
6:49 of 2nd period - Snap shot by Blake Geoffrion.
6:49 of 2nd period - Shot Misses the Net.
6:51 of 2nd period - Wrist shot by Manny Malhotra.
6:51 of 2nd period - Shot Misses the Net.
6:53 of 2nd period - Wrist shot by David Van Der Gulik.
6:53 of 2nd period - Shot Misses the Net.
7:12 of 2nd period - Nate Prosser is hit by Jeff Tambellini and loses puck.
7:39 of 2nd period - Carl Hagelin is hit by Tim Conboy and loses puck.
8:23 of 2nd period - Denis Hamel is hit by Jeff Tambellini and loses puck.
8:30 of 2nd period - Snap shot by Matt Cullen.
8:30 of 2nd period - Goal by Matt Cullen - Carnivores : 3 - Monarchs : 3.
8:31 of 2nd period - Matt Cullen wins face-off versus Jarret Stoll in neutral zone.
8:34 of 2nd period - Slapshot by Jeff Tambellini.
8:34 of 2nd period - Shot Misses the Net.
8:36 of 2nd period - Slapshot by Chris Butler.
8:36 of 2nd period - Stopped by Michael Leighton without a rebound.
8:37 of 2nd period - Chris Clark wins face-off versus Matt Cullen in Monarchs zone.
9:10 of 2nd period - Snap shot by Manny Malhotra.
9:10 of 2nd period - Deflect By David Van Der Gulik.
9:10 of 2nd period - Shot Misses the Net.
9:10 of 2nd period - Puck is out of play.
9:11 of 2nd period - Jarret Stoll wins face-off versus Blake Geoffrion in Monarchs zone.
9:11 of 2nd period - Jarret Stoll is hit by Keith Aulie.
9:31 of 2nd period - Phil Oreskovic is hit by Jason Chimera and loses puck.
9:41 of 2nd period - Off-side.
9:42 of 2nd period - Matt Cullen wins face-off versus Carl Hagelin in neutral zone.
10:11 of 2nd period - Off-side.
10:12 of 2nd period - Jeremy Welsh wins face-off versus Jason Chimera in neutral zone.
10:53 of 2nd period - Off-side.
10:54 of 2nd period - Blake Geoffrion wins face-off versus Jonathan Matsumoto in neutral zone.
10:57 of 2nd period - Snap shot by Manny Malhotra.
10:57 of 2nd period - Stopped by Michael Leighton with a rebound.
10:59 of 2nd period - Wrist shot by Keith Aulie.
10:59 of 2nd period - Shot Misses the Net.
11:01 of 2nd period - Wrist shot by Manny Malhotra.
11:01 of 2nd period - Stopped by Michael Leighton without a rebound.
11:02 of 2nd period - Manny Malhotra wins face-off versus Jonathan Matsumoto in Monarchs zone.
11:07 of 2nd period - Wrist shot by Manny Malhotra.
11:07 of 2nd period - Shot Misses the Net.
11:09 of 2nd period - Snap shot by Blake Geoffrion.
11:09 of 2nd period - Stopped by Michael Leighton with a rebound.
11:11 of 2nd period - Wrist shot by Manny Malhotra.
11:11 of 2nd period - Stopped by Michael Leighton without a rebound.
11:12 of 2nd period - Matt Cullen wins face-off versus Jarret Stoll in Monarchs zone.
11:27 of 2nd period - Slapshot by Raphael Diaz.
11:27 of 2nd period - Shot Blocked by Andrew Ference.
11:37 of 2nd period - Josef Melichar is hit by Barry Tallackson and loses puck.
11:46 of 2nd period - Snap shot by Barry Tallackson.
11:46 of 2nd period - Stopped by Mike Morrison with a rebound.
12:03 of 2nd period - Icing by Andrew Ference.
12:04 of 2nd period - Jonathan Matsumoto wins face-off versus Manny Malhotra in Carnivores zone.
12:05 of 2nd period - Slapshot by Alec Martinez.
12:05 of 2nd period - Stopped by Mike Morrison with a rebound.
12:07 of 2nd period - Minor Penalty to Josef Melichar for Holding.
12:08 of 2nd period - Jeff Tambellini wins face-off versus Jarret Stoll in Carnivores zone.
12:13 of 2nd period - Snap shot by Jeff Tambellini.
12:13 of 2nd period - Deflect By Matt Cullen.
12:13 of 2nd period - Shot Misses the Net.
12:13 of 2nd period - Puck is out of play.
12:14 of 2nd period - Jarret Stoll wins face-off versus Jeff Tambellini in Monarchs zone.
13:03 of 2nd period - Snap shot by Jason Chimera.
13:03 of 2nd period - Deflect By Andy Miele.
13:03 of 2nd period - Shot Misses the Net.
13:03 of 2nd period - Puck is out of play.
13:04 of 2nd period - Chris Clark wins face-off versus Andy Miele in Carnivores zone.
13:23 of 2nd period - Keith Aulie is hit by Denis Hamel and loses puck.
13:32 of 2nd period - Wrist shot by Patrik Berglund.
13:32 of 2nd period - Stopped by Mike Morrison without a rebound.
13:33 of 2nd period - Jarret Stoll wins face-off versus Jeff Tambellini in Carnivores zone.
13:50 of 2nd period - Jeff Tambellini is hit by Nate Prosser and loses puck.
14:07 of 2nd period - Penalty to Josef Melichar is over, Josef Melichar is back on ice.
14:07 of 2nd period - Slapshot by Andrew Ference.
14:07 of 2nd period - Shot Misses the Net.
14:25 of 2nd period - Snap shot by David Van Der Gulik.
14:25 of 2nd period - Shot Misses the Net.
14:31 of 2nd period - Snap shot by Patrik Berglund.
14:31 of 2nd period - Shot Misses the Net.
14:33 of 2nd period - Slapshot by Patrik Berglund.
14:33 of 2nd period - Goal by Patrik Berglund - Carnivores : 3 - Monarchs : 4.
14:34 of 2nd period - Cal O'Reilly wins face-off versus Jarret Stoll in neutral zone.
14:43 of 2nd period - Snap shot by Cal O'Reilly.
14:43 of 2nd period - Shot Misses the Net.
14:45 of 2nd period - Backhand shot by Phil Oreskovic.
14:45 of 2nd period - Stopped by Michael Leighton with a rebound.
15:08 of 2nd period - Matt Foy is hit by Jeff Tambellini and loses puck.
15:21 of 2nd period - Snap shot by Blake Geoffrion.
15:21 of 2nd period - Goal by Blake Geoffrion - Carnivores : 4 - Monarchs : 4.
15:22 of 2nd period - Matt Cullen wins face-off versus Jarret Stoll in neutral zone.
15:25 of 2nd period - Jarret Stoll is hit by Andy Miele and loses puck.
15:48 of 2nd period - Barry Tallackson is hit by Keith Aulie and loses puck.
15:57 of 2nd period - Wrist shot by Blake Geoffrion.
15:57 of 2nd period - Stopped by Michael Leighton with a rebound.
16:13 of 2nd period - Snap shot by Josef Melichar.
16:13 of 2nd period - Shot Blocked by Kevin Marshall.
16:15 of 2nd period - Wrist shot by Kyle Wilson.
16:15 of 2nd period - Shot Misses the Net.
16:17 of 2nd period - Wrist shot by Kyle Wilson.
16:17 of 2nd period - Shot Misses the Net.
16:29 of 2nd period - Slapshot by Denis Hamel.
16:29 of 2nd period - Shot Blocked by Chris Butler.
16:37 of 2nd period - Snap shot by Jonathan Matsumoto.
16:37 of 2nd period - Shot Misses the Net.
17:10 of 2nd period - Icing by Jason Chimera.
17:11 of 2nd period - Manny Malhotra wins face-off versus Jonathan Matsumoto in Monarchs zone.
17:18 of 2nd period - Backhand shot by David Van Der Gulik.
17:18 of 2nd period - Shot Misses the Net.
17:20 of 2nd period - Snap shot by Blake Geoffrion.
17:20 of 2nd period - Stopped by Michael Leighton without a rebound.
17:21 of 2nd period - Matt Cullen wins face-off versus Jason Chimera in Monarchs zone.
17:32 of 2nd period - Wrist shot by Matt Cullen.
17:32 of 2nd period - Goal by Matt Cullen - Carnivores : 5 - Monarchs : 4.
17:33 of 2nd period - Jarret Stoll wins face-off versus Jeff Tambellini in neutral zone.
17:38 of 2nd period - Snap shot by Jarret Stoll.
17:38 of 2nd period - Stopped by Mike Morrison with a rebound.
18:17 of 2nd period - Off-side.
18:18 of 2nd period - Jonathan Matsumoto wins face-off versus Cal O'Reilly in neutral zone.
18:33 of 2nd period - Snap shot by Tim Conboy.
18:33 of 2nd period - Shot Misses the Net.
18:41 of 2nd period - Phil Oreskovic is hit by Jonathan Matsumoto and loses puck.
18:46 of 2nd period - Slapshot by Jonathan Matsumoto.
18:46 of 2nd period - Goal by Jonathan Matsumoto - Carnivores : 5 - Monarchs : 5.
18:47 of 2nd period - Jarret Stoll wins face-off versus Matt Cullen in neutral zone.
19:33 of 2nd period - Wrist shot by Barry Tallackson.
19:33 of 2nd period - Stopped by Mike Morrison with a rebound.
19:52 of 2nd period - Icing by Tim Conboy.
19:53 of 2nd period - Tommy Wingels wins face-off versus Kyle Wilson in Carnivores zone.
19:54 of 2nd period - Wrist shot by Jarret Stoll.
19:54 of 2nd period - Deflect By Jason Chimera.
19:54 of 2nd period - Shot Misses the Net.
19:54 of 2nd period - Puck is out of play.
19:55 of 2nd period - Kyle Wilson wins face-off versus Tommy Wingels in Carnivores zone.
Goals for this period are 5 for Carnivores vs 2 for Monarchs .
Shots for this period are 19 for Carnivores vs 11 for Monarchs .
3rd period
0:01 of 3rd period - Matt Cullen wins face-off versus Jarret Stoll in neutral zone.
0:27 of 3rd period - Barry Tallackson is hit by David Van Der Gulik.
0:31 of 3rd period - Snap shot by Blake Geoffrion.
0:31 of 3rd period - Shot Misses the Net.
0:33 of 3rd period - Wrist shot by David Van Der Gulik.
0:33 of 3rd period - Stopped by Michael Leighton without a rebound.
0:34 of 3rd period - Manny Malhotra wins face-off versus Patrik Berglund in Monarchs zone.
0:37 of 3rd period - Snap shot by Manny Malhotra.
0:37 of 3rd period - Stopped by Michael Leighton with a rebound.
0:39 of 3rd period - Wrist shot by David Van Der Gulik.
0:39 of 3rd period - Shot Blocked by Patrik Berglund.
1:24 of 3rd period - Snap shot by Tim Conboy.
1:24 of 3rd period - Shot Misses the Net.
1:26 of 3rd period - Wrist shot by Cal O'Reilly.
1:26 of 3rd period - Shot Misses the Net.
1:28 of 3rd period - Wrist shot by Jeremy Welsh.
1:28 of 3rd period - Shot Misses the Net.
1:30 of 3rd period - Slapshot by Bobby Sanguinetti.
1:30 of 3rd period - Stopped by Michael Leighton without a rebound.
1:31 of 3rd period - Jarret Stoll wins face-off versus Manny Malhotra in Monarchs zone.
1:33 of 3rd period - Minor Penalty to Chris Clark for Hooking.
1:34 of 3rd period - Andy Miele wins face-off versus Jarret Stoll in Monarchs zone.
2:20 of 3rd period - Denis Hamel is hit by Jeff Tambellini and loses puck.
3:33 of 3rd period - Penalty to Chris Clark is over, Chris Clark is back on ice.
3:36 of 3rd period - Off-side.
3:37 of 3rd period - Tim Conboy wins face-off versus Carl Hagelin in neutral zone.
3:45 of 3rd period - Minor Penalty to Jonathan Matsumoto for Roughing.
3:46 of 3rd period - Matt Cullen wins face-off versus Jarret Stoll in Monarchs zone.
4:12 of 3rd period - Nate Prosser is hit by Josef Melichar and loses puck.
4:23 of 3rd period - Snap shot by David Van Der Gulik.
4:23 of 3rd period - Shot Blocked by Alec Martinez.
4:41 of 3rd period - Keith Aulie is hit by Denis Hamel and loses puck.
5:14 of 3rd period - Jason Chimera is hit by Jeff Tambellini.
5:45 of 3rd period - Penalty to Jonathan Matsumoto is over, Jonathan Matsumoto is back on ice.
6:10 of 3rd period - Icing by Patrik Berglund.
6:11 of 3rd period - Kyle Wilson wins face-off versus Patrik Berglund in Monarchs zone.
6:12 of 3rd period - Slapshot by Chris Lawrence.
6:12 of 3rd period - Stopped by Michael Leighton without a rebound.
6:13 of 3rd period - Tim Conboy wins face-off versus Jarret Stoll in Monarchs zone.
6:20 of 3rd period - Cal O'Reilly is hit by Jarret Stoll and loses puck.
7:05 of 3rd period - Snap shot by Matt Cullen.
7:05 of 3rd period - Shot Blocked by Jonathan Matsumoto.
7:07 of 3rd period - Slapshot by Phil Oreskovic.
7:07 of 3rd period - Shot Misses the Net.
7:38 of 3rd period - Snap shot by Raphael Diaz.
7:38 of 3rd period - Shot Blocked by Cal O'Reilly.
8:25 of 3rd period - Denis Hamel is hit by Tim Conboy and loses puck.
9:00 of 3rd period - Minor Penalty to Tommy Wingels for Hooking.
9:01 of 3rd period - Matt Cullen wins face-off versus Jarret Stoll in Monarchs zone.
9:04 of 3rd period - Wrist shot by Matt Cullen.
9:04 of 3rd period - Deflect By Jeff Tambellini.
9:04 of 3rd period - Shot Misses the Net.
9:04 of 3rd period - Puck is out of play.
9:05 of 3rd period - Matt Cullen wins face-off versus Jarret Stoll in Monarchs zone.
9:34 of 3rd period - Slapshot by Josef Melichar.
9:34 of 3rd period - Stopped by Michael Leighton with a rebound.
9:36 of 3rd period - Slapshot by Andrew Ference.
9:36 of 3rd period - Deflect By Manny Malhotra.
9:36 of 3rd period - Stopped by Michael Leighton without a rebound.
9:37 of 3rd period - Denis Hamel wins face-off versus Matt Cullen in Monarchs zone.
9:46 of 3rd period - Slapshot by Keith Aulie.
9:46 of 3rd period - Shot Misses the Net.
10:07 of 3rd period - Snap shot by Denis Hamel.
10:07 of 3rd period - Stopped by Mike Morrison without a rebound.
10:08 of 3rd period - Denis Hamel wins face-off versus Manny Malhotra in Carnivores zone.
10:09 of 3rd period - Slapshot by Raphael Diaz.
10:09 of 3rd period - Stopped by Mike Morrison with a rebound.
10:11 of 3rd period - Slapshot by Patrik Berglund.
10:11 of 3rd period - Shot Blocked by Andrew Ference.
10:13 of 3rd period - Slapshot by Nate Prosser.
10:13 of 3rd period - Stopped by Mike Morrison without a rebound.
10:14 of 3rd period - Manny Malhotra wins face-off versus Jarret Stoll in Carnivores zone.
10:48 of 3rd period - Wrist shot by Denis Hamel.
10:48 of 3rd period - Shot Blocked by Andrew Ference.
10:50 of 3rd period - Snap shot by Denis Hamel.
10:50 of 3rd period - Shot Blocked by Andrew Ference.
11:00 of 3rd period - Penalty to Tommy Wingels is over, Tommy Wingels is back on ice.
11:01 of 3rd period - Icing by Matt Cullen.
11:02 of 3rd period - Jonathan Matsumoto wins face-off versus Manny Malhotra in Carnivores zone.
11:05 of 3rd period - Snap shot by Jonathan Matsumoto.
11:05 of 3rd period - Stopped by Mike Morrison with a rebound.
11:11 of 3rd period - Travis Hamonic is hit by Andrew Ference and loses puck.
11:17 of 3rd period - Icing by Alec Martinez.
11:18 of 3rd period - Jonathan Matsumoto wins face-off versus Matt Cullen in Monarchs zone.
11:18 of 3rd period - Jonathan Matsumoto is hit by Jeff Tambellini.
11:29 of 3rd period - Slapshot by Travis Hamonic.
11:29 of 3rd period - Stopped by Mike Morrison with a rebound.
12:04 of 3rd period - Off-side.
12:05 of 3rd period - Patrik Berglund wins face-off versus Jeremy Welsh in neutral zone.
12:12 of 3rd period - Snap shot by Barry Tallackson.
12:12 of 3rd period - Stopped by Mike Morrison without a rebound.
12:13 of 3rd period - Matt Cullen wins face-off versus Jarret Stoll in Carnivores zone.
12:38 of 3rd period - David Van Der Gulik is hit by Nate Prosser and loses puck.
12:45 of 3rd period - Patrik Berglund is hit by Keith Aulie and loses puck.
12:57 of 3rd period - Off-side.
12:58 of 3rd period - Christopher DiDomenico wins face-off versus Jonathan Matsumoto in neutral zone.
13:09 of 3rd period - Wrist shot by Kyle Wilson.
13:09 of 3rd period - Shot Misses the Net.
13:24 of 3rd period - Minor Penalty to Andy Miele for Hooking.
13:25 of 3rd period - Jarret Stoll wins face-off versus Jeff Tambellini in Carnivores zone.
13:38 of 3rd period - Snap shot by Jarret Stoll.
13:38 of 3rd period - Shot Hit the Post.
13:40 of 3rd period - Wrist shot by Jason Chimera.
13:40 of 3rd period - Stopped by Mike Morrison without a rebound.
13:41 of 3rd period - Jeff Tambellini wins face-off versus Jarret Stoll in Carnivores zone.
13:41 of 3rd period - Jeff Tambellini is hit by Nate Prosser.
14:13 of 3rd period - Wrist shot by Patrik Berglund.
14:13 of 3rd period - Shot Blocked by Josef Melichar.
15:24 of 3rd period - Penalty to Andy Miele is over, Andy Miele is back on ice.
15:31 of 3rd period - Blake Geoffrion is hit by Jonathan Matsumoto and loses puck.
15:38 of 3rd period - Wrist shot by Carl Hagelin.
15:38 of 3rd period - Goal by Carl Hagelin - Carnivores : 5 - Monarchs : 6.
15:39 of 3rd period - Jonathan Matsumoto wins face-off versus Cal O'Reilly in neutral zone.
15:42 of 3rd period - Slapshot by Raphael Diaz.
15:42 of 3rd period - Stopped by Mike Morrison with a rebound.
16:03 of 3rd period - Icing by Raphael Diaz.
16:04 of 3rd period - Tommy Wingels wins face-off versus Matt Cullen in Monarchs zone.
16:13 of 3rd period - Snap shot by Jason Chimera.
16:13 of 3rd period - Stopped by Mike Morrison with a rebound.
16:29 of 3rd period - Jarret Stoll is hit by Kyle Wilson and loses puck.
17:33 of 3rd period - Minor Penalty to Tommy Wingels for Tripping.
17:34 of 3rd period - Matt Cullen wins face-off versus Denis Hamel in Monarchs zone.
17:48 of 3rd period - Slapshot by Matt Cullen.
17:48 of 3rd period - Stopped by Michael Leighton without a rebound.
17:49 of 3rd period - Matt Cullen wins face-off versus Patrik Berglund in Monarchs zone.
17:56 of 3rd period - Snap shot by Matt Cullen.
17:56 of 3rd period - Stopped by Michael Leighton with a rebound.
17:58 of 3rd period - Slapshot by Josef Melichar.
17:58 of 3rd period - Deflect By Raphael Diaz.
17:58 of 3rd period - Stopped by Michael Leighton with a rebound.
18:00 of 3rd period - Snap shot by Matt Cullen.
18:00 of 3rd period - Goal by Matt Cullen - Carnivores : 6 - Monarchs : 6.
18:01 of 3rd period - Cal O'Reilly wins face-off versus Jonathan Matsumoto in neutral zone.
18:55 of 3rd period - Chris Butler is hit by Chris Clark and loses puck.
19:22 of 3rd period - Snap shot by Jason Chimera.
19:22 of 3rd period - Shot Misses the Net.
19:24 of 3rd period - Wrist shot by Jason Chimera.
19:24 of 3rd period - Shot Misses the Net.
19:26 of 3rd period - Snap shot by Jarret Stoll.
19:26 of 3rd period - Shot Misses the Net.
19:28 of 3rd period - Wrist shot by Chris Clark.
19:28 of 3rd period - Stopped by Mike Morrison with a rebound.
19:30 of 3rd period - Slapshot by Raphael Diaz.
19:30 of 3rd period - Stopped by Mike Morrison without a rebound.
19:31 of 3rd period - Jonathan Matsumoto wins face-off versus Tim Conboy in Carnivores zone.
19:32 of 3rd period - Wrist shot by Carl Hagelin.
19:32 of 3rd period - Stopped by Mike Morrison with a rebound.
Goals for this period are 1 for Carnivores vs 1 for Monarchs .
Shots for this period are 10 for Carnivores vs 13 for Monarchs .
Overtime #1
0:01 of 1st overtime period - Jeff Tambellini wins face-off versus Jarret Stoll in neutral zone.
0:12 of 1st overtime period - Snap shot by Jeff Tambellini.
0:12 of 1st overtime period - Shot Misses the Net.
0:14 of 1st overtime period - Snap shot by Jeff Tambellini.
0:14 of 1st overtime period - Stopped by Michael Leighton with a rebound.
0:45 of 1st overtime period - Patrik Berglund is hit by David Van Der Gulik and loses puck.
1:04 of 1st overtime period - Jarret Stoll is hit by Andrew Ference and loses puck.
1:37 of 1st overtime period - Slapshot by Kyle Wilson.
1:37 of 1st overtime period - Stopped by Michael Leighton with a rebound.
2:03 of 1st overtime period - Nate Prosser is hit by David Van Der Gulik and loses puck.
2:10 of 1st overtime period - Carl Hagelin is hit by David Van Der Gulik and loses puck.
2:31 of 1st overtime period - Alec Martinez is hit by Keith Aulie and loses puck.
3:03 of 1st overtime period - Patrik Berglund is hit by Blake Geoffrion and loses puck.
3:30 of 1st overtime period - Andrew Ference is hit by Carl Hagelin and loses puck.
3:41 of 1st overtime period - Kevin Marshall is hit by Andy Miele and loses puck.
3:58 of 1st overtime period - Kevin Marshall is hit by Keith Aulie and loses puck.
4:21 of 1st overtime period - Slapshot by Patrik Berglund.
4:21 of 1st overtime period - Stopped by Mike Morrison with a rebound.
4:23 of 1st overtime period - Slapshot by Slava Voynov.
4:23 of 1st overtime period - Shot Misses the Net.
4:25 of 1st overtime period - Wrist shot by Denis Hamel.
4:25 of 1st overtime period - Goal by Denis Hamel - Carnivores : 6 - Monarchs : 7.
Goals for this period are 0 for Carnivores vs 1 for Monarchs .
Shots for this period are 2 for Carnivores vs 2 for Monarchs .
Output by the SimonT Hockey Simulator (STHS) for François Prévost -- Original Page W3C XHTML 1.0 Valid